 Dungeon Crawl Stone Soup version 0.21-a0-143-g1ab7d47 (webtiles) character file.

1941 grisnicke the Grappler (level 9, -3/65 (66) HPs)
             Began as a Ghoul Monk on July 24, 2017.
             Was a Believer of Hepliaklqana.
             Slain by a yak (7 damage)
             ... on level 7 of the Dungeon.
             The game lasted 00:24:59 (4867 turns).

grisnicke the Grappler (Ghoul Monk)                 Turns: 4867, Time: 00:25:00

HP:   -3/65 (66)    AC: 10    Str: 17    XL:     9   Next: 18%
MP:   11/11         EV: 11    Int:  6    God:    Hepliaklqana [**....]
Gold: 282           SH:  0    Dex: 11    Spells: 8/8 levels left

rFire    + . .     SeeInvis .     - Unarmed
rCold    + . .     Gourm    .   (no shield)
rNeg     + + +     Faith    .   o - +1 scale mail
rPois    ∞         Spirit   .   (no helmet)
rElec    .         Reflect  .   t - +1 cloak
rCorr    .         Harm     .   (no gloves)
MR       .....                  (no boots)
Stlth    ..........             (no amulet)
HPRegen  0.00/turn              h - ring of protection from fire {rF+, !d}
MPRegen  0.12/turn              (no ring)

@: rotting
A: rotting body, reduced essence, claws 1, carnivore 3, cold resistance 1,
negative energy resistance 3, inhibited regeneration, torment resistance,
unbreathing
a: Recall Ancestor, Ancestor Identity, Renounce Religion


You were on level 7 of the Dungeon.
You worshipped Hepliaklqana.
Hepliaklqana was pleased with you.
You were not hungry.

You visited 2 branches of the dungeon, and saw 8 of its levels.

You collected 282 gold pieces.

Inventory:

Missiles
 d - 170 stones (quivered)
 g - 97 sling bullets
 l - 8 tomahawks of dispersal {=f}
Armour
 a - a +0 robe
 e - a +0 chain mail
   (You took it off an orc warrior on level 6 of the Dungeon)
 m - a +0 plate armour
   (You found it on level 5 of the Dungeon)
 o - a +1 scale mail (worn)
   (You found it on level 3 of the Dungeon)
 t - a +1 cloak (worn)
   (You found it on level 6 of the Dungeon)
Jewellery
 h - a ring of protection from fire (left claw) {rF+, !d}
   (You found it on level 5 of the Dungeon)
 u - an uncursed ring of ice {rC+, rF-}
   (You found it on level 5 of the Dungeon)
Wands
 n - a wand of enslavement (5/24)
   (You took it off Ijyb on level 3 of the Dungeon)
 p - a wand of digging (12/24)
   (You found it on level 3 of the Dungeon)
 s - a wand of digging (14/24)
   (You found it on level 4 of the Dungeon)
Scrolls
 i - a scroll of teleportation
 q - a scroll of remove curse
 r - a scroll of amnesia
Potions
 c - a potion of flight
 j - 2 potions of heal wounds
 k - a potion of curing {unknown}
 w - a potion of berserk rage {unknown}
Comestibles
 b - 3 meat rations {@e2}
 f - 2 chunks of flesh {@w0}
 v - 3 royal jellies


   Skills:
 - Level 5.6 Fighting
 + Level 3.5 Armour
 - Level 3.3 Dodging
 - Level 2.1 Stealth
 * Level 8.6 Unarmed Combat
 - Level 4.1 Invocations
 + Level 4.5 Evocations


You had 8 spell levels left.
You didn't know any spells.

Dungeon Overview and Level Annotations

Branches:
Dungeon (7/15)             Temple (1/1) D:4

Altars:
Cheibriados
Dithmenos
Gozag
Hepliaklqana
Kikubaaqudgha
Makhleb
Nemelex Xobeh
Okawaru
Qazlal
Sif Muna
Trog
Uskayaw
Vehumet
Wu Jian
Xom
Yredelemnul
Zin
The Shining One


Innate Abilities, Weirdness & Mutations

Your body is rotting away.
You thrive on raw meat.
You are immune to poison.
You have sharp fingernails.
You are carnivorous and can eat meat at any time.
Your flesh is cold resistant. (rC+)
You are immune to negative energy. (rN+++)
You do not regenerate when monsters are visible.
You are immune to unholy pain and torment.
You can survive without breathing.
Your life essence is reduced to manifest your ancestor. (-10% HP)


Message History

The centaur unwields an uncursed shortbow.
The centaur barely misses you.
The centaur hits you but does no damage.
The centaur hits you.
You take 2 damage, and have 64/66 hp.
You claw the centaur! The centaur hits you.
Grisalisa hits the centaur with a quarterstaff!!
The centaur dies!
You take 4 damage, and have 60/66 hp.
Things that are here:
an uncursed shortbow; 20 arrows An adder comes into view.
You closely miss the adder. The adder closely misses you.
You completely miss the adder. The adder misses you.
You closely miss the adder. The adder bites you but does no damage.
You scratch the adder. The adder bites you but does no damage.
Grisalisa misses the adder.
The adder bites you but does no damage.
You barely miss the adder. The adder barely misses you.
Grisalisa misses the adder.
You completely miss the adder. The adder bites you but does no damage.
You mangle the adder!!
You kill the adder!
You see here an adder corpse.
You butcher the adder corpse.
f - 2 chunks of flesh {@w0} You open the door.
Found a stone staircase leading up.
Things that are here:
an uncursed shortbow; 20 arrows
There is an open door here. 4 yaks come into view.
The yak bellows! x3
The yak moves out of view.
You scratch the yak.
A yak and a crimson imp come into view.
You swap places.
The yak barely misses Grisalisa.
Grisalisa hits the yak with a quarterstaff.
There is an open door here.
The yak closely misses Grisalisa.
The yak gores Grisalisa!
Grisalisa hits the yak with a quarterstaff!
The yak gores Grisalisa!
The yak barely misses Grisalisa.
Grisalisa casts a spell at the yak.
The puff of frost hits the yak.
The yak barely misses Grisalisa.
The yak gores Grisalisa.
Grisalisa hits the yak with a quarterstaff.
There is an open door here.
You swap places.
A yak comes into view.
The yak gores you but does no damage.
The yak moves out of view.
The yak gores you. The yak gores you!
You take 19 damage, and have 45/66 hp.
MASSIVE DAMAGE!!
You scratch the yak.
The crimson imp summons a swarm of flies.
The yak barely misses you. The yak closely misses you. The yak gores you.
You take 4 damage, and have 41/66 hp.
You barely miss the yak.
You feel your flesh rotting away. The yak closely misses you.
The yak gores you! The yak barely misses you.
You take 13 damage, and have 28/65 hp.
You scratch the yak. The yak closely misses you. The yak gores you!
* * * LOW HITPOINT WARNING * * *
You take 11 damage, and have 17/65 hp.
You swap places.
The yak gores Grisalisa!
Grisalisa hits the yak with a quarterstaff.
The yak dies!
The yak gores Grisalisa!
Grisalisa is destroyed!
There is an open door here.
Aim: a yak (moderately wounded, chance to defeat MR: 59%)
The yak is charmed.
This wand has 8 charges left.
Your yak completely misses the yak.
Aim: a yak (chance to defeat MR: 59%)
The yak resists with significant effort.
This wand has 7 charges left.
The yak gores you.
* * * LOW HITPOINT WARNING * * *
Something hits your yak.
Your yak gores something.
You take 4 damage, and have 13/65 hp.
Aim: a yak (chance to defeat MR: 59%)
The yak resists with significant effort.
This wand has 6 charges left.
The yak gores you but does no damage.
Something hits your yak but does no damage.
Your yak barely misses something.
Aim: a yak (chance to defeat MR: 59%)
The yak resists with significant effort.
This wand has 5 charges left.
The yak gores you!
* * * LOW HITPOINT WARNING * * *
Something hits your yak.
Your yak gores something!
You feel a bit more experienced.
You take 9 damage, and have 4/65 hp.
What are your orders? t - Shout!
Orders for allies: a - Attack new target. p - Attack previous target. r - Retreat! s - Stop attacking. g - Guard the area. f - Follow me.
Anything else - Cancel.
Gang up on whom?
Aim: a yak Attack!
The yak gores you!
You die...

...... .. #. #....#..
#.####....#.#### ##. ..
............. ... #.
#...#....... .. #Y
#...#..(###.##.. .#####5
##.......##...##.
......Y##....##.##.....##
#<...YY@....####.......#
.....)Y##..........._....
.......###.)#####.......#
................##.....##
.#########..####.##...##.
#..#####.##.##..
#...............
#...........#### ##.###
########..######.>.....


You could see 3 yaks and a friendly yak.

Vanquished Creatures
  An orc warrior (D:6)
  A sky beast (D:6)
  3 ogres
  A phantom (D:3)
  A bullfrog (D:6)
  A bullfrog skeleton (D:5)
  2 orc priests (D:6)
  Ijyb (D:3)
  Jessica (D:3)
  2 worker ants
  9 adders
  A gnoll (D:5)
  3 adder skeletons (D:4)
  3 worms
  2 dart slugs (D:1)
  A leopard gecko (D:3)
  12 orcs
  A ball python (D:3)
  4 bats
  3 giant cockroaches
  7 goblins
  3 hobgoblins
  3 jackals (D:3)
  4 quokkas
  A ball python skeleton (D:4)
  4 frilled lizards
  9 kobolds
  A leopard gecko skeleton (D:5)
  8 rats
93 creatures vanquished.

Vanquished Creatures (collateral kills)
  A yak (D:7)
  An orc warrior (D:6)
  An ice beast (D:6)
  A black bear (D:6)
  A centaur (D:7)
  A gnoll sergeant (D:5)
  A bullfrog (D:4)
  2 scorpions (D:5)
  A crimson imp (D:7)
  A hound (D:6)
  An iguana (D:4)
  2 orc wizards (D:6)
  2 worker ants (D:6)
  4 gnolls (D:5)
  2 adders (D:3)
  8 orcs
  2 jackals (D:6)
  A frilled lizard (D:5)
  A leopard gecko skeleton (D:4)
34 creatures vanquished.

Vanquished Creatures (others)
  An iguana (D:4)
  2 battlemagi
3 creatures vanquished.

Grand Total: 130 creatures vanquished

Notes
Turn   | Place    | Note
-------+----------+-------------------------------------------
     0 | D:1      | grisnicke the Ghoul Monk began the quest for the Orb.
     0 | D:1      | Reached XP level 1. HP: 19/19 MP: 0/0
   177 | D:1      | Reached XP level 2. HP: 22/26 MP: 1/1
   217 | D:1      | Reached skill level 4 in Unarmed Combat
   605 | D:1      | Reached XP level 3. HP: 12/31 MP: 2/2
   998 | D:2      | Found a glowing golden altar of the Shining One.
  1243 | D:2      | Found an iron altar of Okawaru.
  1317 | D:2      | Found an ancient bone altar of Kikubaaqudgha.
  1567 | D:2      | Reached skill level 3 in Dodging
  1815 | D:3      | Reached skill level 5 in Unarmed Combat
  1815 | D:3      | Reached XP level 4. HP: 27/38 MP: 3/3
  1889 | D:3      | Noticed Ijyb
  1904 | D:3      | Killed Ijyb
  1936 | D:3      | Noticed Jessica
  1955 | D:3      | Killed Jessica
  1955 | D:3      | Reached XP level 5. HP: 40/45 MP: 4/4
  1967 | D:3      | Reached skill level 1 in Evocations
  2012 | D:3      | Noticed a phantom
  2063 | D:3      | Killed a phantom
  2063 | D:3      | Reached skill level 2 in Evocations
  2110 | D:3      | Reached XP level 6. HP: 50/50 MP: 6/6
  2252 | D:4      | Found a shadowy altar of Dithmenos.
  2346 | D:4      | Reached skill level 6 in Unarmed Combat
  2402 | D:4      | Reached skill level 1 in Armour
  2402 | D:4      | Reached skill level 3 in Evocations
  2407 | D:4      | HP: 10/52 [iguana (4)]
  2446 | D:4      | Found a staircase to the Ecumenical Temple.
  2453 | Temple   | Entered the Ecumenical Temple
  2521 | Temple   | Became a worshipper of Hepliaklqana the Forgotten
  2521 | Temple   | Reached * piety under Hepliaklqana
  2521 | Temple   | Reached ** piety under Hepliaklqana
  2522 | Temple   | Remembered your ancestor Grisalisa as a battlemage
  2647 | D:4      | Reached skill level 4 in Fighting
  2647 | D:4      | Reached skill level 1 in Invocations
  2647 | D:4      | Reached XP level 7. HP: 52/53 MP: 8/8
  3035 | D:5      | Entered Level 5 of the Dungeon
  3075 | D:5      | Reached skill level 2 in Invocations
  3140 | D:5      | Found a hide-covered altar of Uskayaw.
  3238 | D:5      | Reached skill level 3 in Invocations
  3259 | D:5      | Reached skill level 5 in Fighting
  3373 | D:5      | Reached XP level 8. HP: 62/62 MP: 9/9
  3512 | D:5      | Reached skill level 4 in Invocations
  3714 | D:5      | Found a burning altar of Makhleb.
  4191 | D:6      | Reached skill level 2 in Armour
  4204 | D:6      | Reached skill level 7 in Unarmed Combat
  4315 | D:6      | HP: 11/62 [orc warrior/long sword (12)]
  4320 | D:6      | HP: 13/62 [orc warrior/long sword (11)]
  4432 | D:6      | Reached skill level 4 in Evocations
  4496 | D:6      | Reached skill level 3 in Armour
  4503 | D:6      | Reached skill level 8 in Unarmed Combat
  4503 | D:6      | Reached XP level 9. HP: 49/66 MP: 11/11
  4611 | D:6      | Found a deep blue altar of Sif Muna.
  4755 | D:7      | Found a snail-covered altar of Cheibriados.
  4864 | D:7      | HP: 13/65 [yak (4)]
  4866 | D:7      | HP: 4/65 [yak (9)]
  4867 | D:7      | Slain by a yak

Vault maps used:
D:1:      dpeg_arrival_lava_temple_mockup, minmay_tromino_v4_b
D:2:      okawaru_metal_pillars_1_2, nicolae_overflow_crystal_walls,
          nicolae_overflow_hidden_temple, kennysheep_generic_room_12
D:3:      uniq_jessica, uniq_ijyb
D:4:      grunt_dithmenos_smoke_and_mirrors, minmay_temple_entry_butterflies
D:5:      eat_drink_and_be_merry_uskayaw, lightli_temple_of_fire, first_bread,
          minivault_25
D:6:      led_sif_pool
D:7:      lemuel_round_altar, elyvilon_altar_3, basic_altar, uniq_joseph
Temple:   jpeg_temple_alley_garden

Skill      XL: |  1  2  3  4  5  6  7  8 |
---------------+-------------------------+-----
Unarmed Combat | 4 5 6 8 |  8.6
Dodging        | 3 |  3.3
Evocations     | 2 3 4 |  4.5
Armour         | 1 3 |  3.5
Fighting       | 4 5 |  5.6
Invocations    | 1 3 4 |  4.1
Stealth        | |  2.1

Action                   |  1- 3 |  4- 6 |  7- 9 || total
-------------------------+-------+-------+-------++-------
Melee: Unarmed           |   139 |   106 |   221 ||   466
       Punch             |     1 |     2 |     6 ||     9
Throw: Stone             |     9 |     5 |       ||    14
Invok: Ancestor Life: Ba |       |     1 |       ||     1
       Ancestor Identity |       |     1 |       ||     1
Evoke: Wand              |       |     4 |     4 ||     8
  Use: Scroll            |       |       |    14 ||    14
       Potion            |       |       |     4 ||     4
 Stab: Sleeping          |     4 |       |       ||     4
  Eat: Chunk             |    17 |    21 |    26 ||    64
Armor: Robe              |    23 |     3 |       ||    26
       Scale mail        |       |    18 |   101 ||   119
Dodge: Dodged            |    73 |    52 |    88 ||   213

Vault maps used:
D:1:      dpeg_arrival_lava_temple_mockup, minmay_tromino_v4_b
D:2:      okawaru_metal_pillars_1_2, nicolae_overflow_crystal_walls,
          nicolae_overflow_hidden_temple, kennysheep_generic_room_12
D:3:      uniq_jessica, uniq_ijyb
D:4:      grunt_dithmenos_smoke_and_mirrors, minmay_temple_entry_butterflies
D:5:      eat_drink_and_be_merry_uskayaw, lightli_temple_of_fire, first_bread,
          minivault_25
D:6:      led_sif_pool
D:7:      lemuel_round_altar, elyvilon_altar_3, basic_altar, uniq_joseph
Temple:   jpeg_temple_alley_garden

Table legend:
 A = Turns spent in this place as a percentage of turns spent in the entire game.
 B = Non-inter-level travel turns spent in this place as a percentage of non-inter-level travel turns spent in the entire game.
 C = Inter-level travel turns spent in this place as a percentage of turns spent in this place.
 D = Turns resting spent in this place as a percentage of non-inter-level travel turns spent in this place.
 E = Turns spent auto-exploring this place as a percentage of non-inter-level travel turns spent in this place.
 F = Non-inter-level travel turns spent in this place divided by the number of levels of this place that you've seen.
                   A       B       C       D       E      F
               +-------+-------+-------+-------+-------+----------------------
         Total | 100.0 | 100.0 |   0.7 |   0.4 |   9.0 | 172.1
       Dungeon |  97.7 |  97.7 |   0.7 |   0.4 |   9.1 | 192.3
        Temple |   2.3 |   2.3 |   3.1 |   0.0 |   3.2 |  31.0
               +-------+-------+-------+-------+-------+----------------------

Table legend:
 A = Kills in this place as a percentage of kills in entire the game.
 B = Kills by you in this place as a percentage of kills by you in the entire game.
 C = Kills by friends in this place as a percentage of kills by friends in the entire game.
 D = Other kills in this place as a percentage of other kills in the entire game.
 E = Experience gained in this place as a percentage of experience gained in the entire game.
 F = Experience gained in this place divided by the number of levels of this place that you have seen.
                   A       B       C       D       E      F
               +-------+-------+-------+-------+-------+----------------------
         Total | 100.0 | 100.0 | 100.0 | 100.0 | 100.0 | 346.8
       Dungeon | 100.0 | 100.0 | 100.0 | 100.0 | 100.0 | 396.3
               +-------+-------+-------+-------+-------+----------------------
